 Dungeon Crawl Stone Soup version 0.31-a0-1002-g8e65716e6e (webtiles) character file.

Game seed: 3115097591635464339

161061 Chiseanne the Warrior (level 17, -29/131 HPs)
             Began as an Octopode Wanderer on Nov 9, 2023.
             Was an Initiate of Gozag.
             Killed from afar by a will-o-the-wisp (31 damage)
             ... with a foxfire
             ... on level 2 of the Swamp on Nov 10, 2023.
             The game lasted 01:44:31 (23084 turns).

Chiseanne the Warrior (Octopode Wanderer)          Turns: 23084, Time: 01:44:32

Health: -29/131    AC: 16    Str: 15    XL:     17   Next: 48%
Magic:  31/31      EV: 42    Int: 14    God:    Gozag
Gold:   2641       SH: 11    Dex: 31    Spells: 30/36 levels left

rFire   . . .        a - +11 dagger of Temigoss {venom, Stlth+}
rCold   . . .        g - +1 buckler {AC+3}
rNeg    . . .        (helmet restricted)
rPois   +            m - amulet of regeneration
rElec   +            y - +4 ring of protection
rCorr   .            x - ring "Vupuocea" {Fly rElec AC+4 Int+3}
SInv    .            B - +5 ring of evasion
Will    +....        D - +4 ring of protection
Stlth   ++++         c - +5 ring of evasion
HPRegen 1.21/turn    J - +6 ring of dexterity
MPRegen 0.22/turn    O - +6 ring of dexterity
                     P - ring of poison resistance

%: no passive effects
@: gold aura, flying
A: almost no armour, amphibious, 8 rings, camouflage 1, gelatinous body 1,
(nimble swimmer 1), tentacles
}: 1/15 runes: gossamer
a: Renounce Religion, Potion Petition, Call Merchant, Bribe Branch


You were on level 2 of the Swamp.
You worshipped Gozag.
Gozag was most pleased with you.
You visited 5 branches of the dungeon, and saw 29 of its levels.
You also visited: Sewer.

You collected 9589 gold pieces.
You spent 2207 gold pieces at shops.
You paid 4741 gold pieces to Gozag.

Inventory:

Hand Weapons
 a - the +11 dagger of Temigoss (weapon) {venom, Stlth+}
   (You found it on level 1 of the Lair of Beasts)

   Stlth+:    It makes you more stealthy.
 d - the +11 trident "Wiweuf" {freeze, rF+ Int+4}
   (You found it on level 4 of the Lair of Beasts)

   Int+4:     It affects your intelligence (+4).
   rF+:       It protects you from fire.
 j - the +6 falchion of Nemelex Xobeh's Hope {venom, rCorr}
   (You took it off a boggart on level 15 of the Dungeon)

   rCorr:     It protects you from acid and corrosion.
 s - the +4 scimitar of Epebb {flame, rC+ SInv}
   (You bought it in a shop on level 13 of the Dungeon)

   rC+:       It protects you from cold.
   SInv:      It lets you see invisible.
Missiles
 h - 3 silver javelins
 q - 3 throwing nets
 u - 22 boomerangs
 Q - 13 curare-tipped darts
 U - 7 javelins (quivered)
Armour
 g - a +1 buckler of protection (worn)
Jewellery
 c - a +5 ring of evasion (on tentacle)
 k - a +6 ring of dexterity
 m - an amulet of regeneration (around mantle)
 p - a ring of protection from fire
 x - the ring "Vupuocea" (right tentacle) {Fly rElec AC+4 Int+3}
   (You acquired it on level 5 of the Dungeon)

   [ring of protection]

   AC+4:      It affects your AC (+4).
   Int+3:     It affects your intelligence (+3).
   rElec:     It insulates you from electricity.
   Fly:       It grants you flight.
 y - a +4 ring of protection (left tentacle)
 B - a +5 ring of evasion (on tentacle)
 D - a +4 ring of protection (on tentacle)
 J - a +6 ring of dexterity (on tentacle)
 O - a +6 ring of dexterity (on tentacle)
 P - a ring of poison resistance (on tentacle)
Wands
 b - a wand of iceblast (14)
 o - a wand of digging (5)
 v - a wand of polymorph (5)
 E - a wand of paralysis (57)
 R - a wand of flame (1)
 S - a wand of acid (8)
 T - a wand of mindburst (8)
Scrolls
 e - 3 scrolls of blinking
 l - 12 scrolls of identify
 n - a scroll of amnesia
 r - a scroll of poison
 t - 9 scrolls of teleportation
 N - 2 scrolls of fog
Potions
 i - 11 potions of curing
 w - 4 potions of heal wounds
 z - a potion of invisibility
 A - 6 potions of haste
 C - 3 potions of ambrosia
 F - 2 potions of might
Miscellaneous
 f - a lightning rod (4/4)


   Skills:
 * Level 16.7 Fighting
 - Level 2.0 Polearms
 - Level 4.0 Throwing
 * Level 16.4 Dodging
 * Level 16.2 Shields
 - Level 10.0 Spellcasting
 - Level 5.0 Conjurations
 - Level 5.0 Air Magic
 - Level 5.0 Poison Magic


You had 30 spell levels left.
You knew the following spells:

 Your Spells              Type           Power      Damage    Failure   Level
a - Dazzling Flash        Conj/Hex       28%        N/A       12%         3
d - Mephitic Cloud        Conj/Pois/Air  21%        N/A       4%          3

Your spell library contained the following spells:

 Spells                   Type           Power      Damage    Failure   Level
 Magic Dart               Conj           84%        1d7       1%          1
 Poisonous Vapours        Pois/Air       42%        N/A       2%          2
 Sting                    Tmut/Pois      56%        1d5       4%          1
 Freeze                   Ice            28%        1d5       12%         1
 Necrotise                Necr           28%        1d5       12%         1
 Slow                     Hex            28%        N/A       12%         1
 Summon Small Mammal      Summ           28%        N/A       12%         1
 Hailstorm                Conj/Ice       14%        3d5       12%         3
 Olgreb's Toxic Radiance  Pois           21%        N/A       14%         4
 Call Imp                 Summ           14%        N/A       17%         2
 Call Canine Familiar     Summ           7%         N/A       34%         3
 Confusing Touch          Hex            7%         N/A       34%         3
 Frozen Ramparts          Ice            14%        1d3       34%         3
 Inner Flame              Hex/Fire       7%         N/A       34%         3
 Sigil of Binding         Hex            7%         N/A       34%         3
 Summon Guardian Golem    Hex/Summ       7%         N/A       34%         3
 Tukima's Dance           Hex            7%         N/A       34%         3
 Vampiric Draining        Necr           7%         2d6       34%         3
 Flame Wave               Conj/Fire      14%        2d6       38%         4
 Iskenderun's Mystic Bla  Conj/Tloc      14%        2d5       38%         4
 Sticky Flame             Conj/Fire      14%        2d4       38%         4
 Dimensional Bullseye     Hex/Tloc       3%         N/A       75%         4
 Leda's Liquefaction      Hex/Erth       3%         N/A       75%         4
 Silence                  Hex/Air        7%         N/A       75%         5
 Agony                    Necr           7%         N/A       97%         5
 Yara's Violent Unravell  Hex/Tmut       3%         3d4       97%         5
 Enfeeble                 Hex            3%         N/A       100%        7


Dungeon Overview and Level Annotations

Branches:
Dungeon (15/15) Temple (1/1) D:4 Lair (5/5) D:11 Swamp (4/4) Lair:3 Spider (4/4) Lair:3 Slime (0/5) Lair:4 Orc (0/2) D:9 Vaults (0/5) D:12 D:13 Depths (0/4) D:15 Sewer (visited)

Altars:
Ashenzari
Cheibriados
Dithmenos
Elyvilon
Fedhas
Gozag
Hepliaklqana
Kikubaaqudgha
Makhleb
Nemelex Xobeh
Okawaru
Qazlal
Ru
Sif Muna
Trog
Uskayaw
Vehumet
Wu Jian
Xom
Yredelemnul
Zin
The Shining One
Jiyva

Shops:
D:7 =   D:9 [   D:13 (   D:15 (*[[

Portals:
Abyss: Lair:1
Trove: D:15 (give 8 scrolls of fog)

Annotations:
D:4 exclusion: upstairs
D:6 exclusion: 2 doors
D:9 3 runed translucent doors, BinkBink's ghost, novice MiFi
Lair:1 2 transporters, Colgate's ghost, journeyman TrSh
Lair:4 exclusion: oklob plant
Spider:4 3 runed translucent doors, Tinttamiau's ghost, adept DrAE


Innate Abilities, Weirdness & Mutations

You cannot wear most types of armour.
You are amphibious.
You can wear up to eight rings at the same time.
Your skin changes colour to match your surroundings (Stealth+).
Your rubbery body absorbs attacks. (AC +1, EV +1)
((You are camouflaged when in or above water. (Stealth+)))
You have tentacles for arms and can constrict up to eight enemies at once.


Message History

The bunyip gives a hideous shriek!
The bunyip howls a warning cry!
The swamp worm bites you but does no damage.
The will-o-the-wisp gestures.
The will-o-the-wisp conjures some marshlight! 2 foxfires come into view.
You closely miss the swamp worm. Your grab misses the swamp worm.
The swamp worm is moderately wounded.
The foxfire hits you! The foxfire hits you!! The swamp worm bites you!
You block the swamp worm's attack.
You barely miss the swamp worm. Your grab misses the swamp worm.
The swamp worm is moderately wounded.
The bunyip completely misses you. You block the bunyip's attack. x2
The swamp worm completely misses you.
The will-o-the-wisp blinks!
You hit the swamp worm. You grab the swamp worm.
The swamp worm is heavily wounded.
You constrict the swamp worm. You block the swamp worm's attack.
The will-o-the-wisp gestures.
The will-o-the-wisp conjures some marshlight! 2 foxfires come into view.
You puncture the swamp worm!
The swamp worm is poisoned.
The swamp worm is severely wounded.
You constrict the swamp worm. The swamp worm completely misses you.
The will-o-the-wisp gestures.
The will-o-the-wisp conjures some marshlight! 2 foxfires come into view.
You barely miss the swamp worm.
You squeeze the swamp worm, but do no damage.
The swamp worm is severely wounded.
You constrict the swamp worm. The foxfire hits you!! x2
The bunyip completely misses you. The bunyip claws you!
* * * LOW HITPOINT WARNING * * *
You block the bunyip's attack. The swamp worm completely misses you.
You puncture the swamp worm!
You kill the swamp worm!
The foxfire hits you!!
* * * LOW HITPOINT WARNING * * *
The foxfire hits you!!
You die...
Your body crumbles into a pile of gold.

♣♣ .♣ ♣.♣♣♣♣
♣♣..~.♣♣♣
♣.♣~§~..♣♣♣
♣~$@§§~...♣♣
♣~x.v§§§~..♣♣
♣~...§§§§§.~♣♣
♣.~.....~.~...♣ ♣
♣.~~♣§♣~~~~...♣♣ ♣
♣..~~~~~~v~~..>♣ ♣
♣.~~~~~~~~...≈.♣ ♣
♣♣~.~~..♣~~.~.~~..♣
♣
♣♣.~♣~.♣~~~~.~§..~.♣


You could see a bunyip and a will-o-the-wisp.

Vanquished Creatures
  Nikola (Lair:3)
  Rupert (D:12)
  Frances (D:14)
  Kirke (Spider:3)
  An emperor scorpion (Spider:1)
  2 ghost moths
  A broodmother (Spider:3)
  4 eleionomae
  2 bunyips (Swamp:1)
  2 spark wasps
  An entropy weaver (Spider:4)
  3 catoblepae
  An ice dragon (Lair:5)
  A rakshasa (D:15)
  3 jorogumos (Spider:4)
  10 hydras
  Erolcha (D:13)
  4 centaur warriors
  2 radroaches
  5 alligators
  6 boulder beetles
  4 two-headed ogres
  6 death yaks (Lair:5)
  A tengu warrior (D:14)
  5 demonic crawlers
  Urug (D:13)
  Amaemon (Lair:3)
  A deep elf knight (D:14)
  5 pharaoh ants
  Lodul (D:14)
  3 swamp dragons
  A skyshark (Lair:3)
  3 goliath frogs
  A sun moth (Lair:3)
  8 orb spiders
  A bog body (Swamp:3)
  2 spriggan druids
  A lindwurm (Lair:5)
  6 steelbarb worms
  A necromancer (D:15)
  2 deep elf pyromancers
  An orc sorcerer (D:15)
  An ugly thing (D:13)
  15 wolf spiders
  5 cyclopes
  2 will-o-the-wisps
  4 moths of wrath
  3 elephants (Lair:1)
  4 black mambas
  2 gargoyles
  An orange demon (Lair:3)
  11 torpor snails
  10 cane toads
  2 centaur skeletons (D:15)
  9 komodo dragons
  3 yaktaurs (D:15)
  2 kobold demonologists
  A freezing wraith (D:14)
  An unseen horror (D:11)
  3 tengu conjurers (D:15)
  A queen bee (Lair:3)
  11 tyrant leeches
  10 polar bears
  15 hornets
  2 meliai (Spider:4)
  21 blink frogs
  12 tarantellas
  A raiju (Lair:5)
  7 dream sheep (Lair:4)
  11 jumping spiders
  10 slime creatures (D:15)
  13 spriggans
  2 centaur simulacra (D:15)
  16 humans (D:12)
  3 shadows
  22 culicivoras
  4 wyverns
  3 wraiths
  A hog (shapeshifter) (D:14)
  A hog (Spider:3)
  2 water elementals (D:15)
  45 yaks
  12 basilisks
  A golden eye (shapeshifter) (D:14)
  A human (shapeshifter) (D:13)
  2 steam dragons
  16 vampire mosquitoes
  32 redbacks
  A redback simulacrum (D:15)
  11 swamp worms
  Edmund (D:4)
  3 wargs (Lair:5)
  An acid dragon (D:10)
  14 water moccasins
  8 swamp drakes
  15 hell hounds (Lair:5)
  Pargi (Sewer)
  5 orc warriors
  17 black bears
  4 boggarts (D:15)
  12 ogres
  3 centaurs
  25 wolves
  7 kobold brigands
  3 phantoms
  7 bullfrogs
  3 gnoll sergeants
  A scorpion (D:11)
  4 wights (D:10)
  32 killer bees
  3 howler monkeys
  2 electric eels (D:15)
  3 hounds
  4 jellies
  4 orc priests
  A gnoll bouda (D:4)
  A sleepcap (D:5)
  3 iguanas
  10 orc wizards
  4 adders
  20 gnolls
  3 shadow imps
  5 worms
  4 dart slugs
  38 orcs
  12 ball pythons
  5 bats
  11 endoplasms
  5 giant cockroaches
  7 goblins
  12 hobgoblins
  27 kobolds
  3 quokkas
  6 frilled lizards
  2 rats (D:1)
837 creatures vanquished.

Vanquished Creatures (collateral kills)
  A kobold demonologist (D:11)
  3 polar bears (Lair:5)
  A warg (Lair:5)
  A hell hound (Lair:5)
  A wolf (Lair:5)
7 creatures vanquished.

Vanquished Creatures (others)
  A spriggan druid (Swamp:4)
  A bloated husk (Swamp:1)
  A hornet (Swamp:4)
  4 humans (Spider:4)
  2 redbacks (Spider:4)
  An orc wizard (D:12)
  11 foxfires
21 creatures vanquished.

Grand Total: 865 creatures vanquished

Notes
Turn   | Place    | Note
-------+----------+-------------------------------------------
     0 | D:1      | Chiseanne the Octopode Wanderer began the quest for the
                  | Orb.
     0 | D:1      | Chiseanne set off with the following items: a +2 dagger, 3
                  | curare-tipped darts, a +0 spear, a scroll of teleportation,
                  | a scroll of blinking.
     0 | D:1      | Reached XP level 1. HP: 16/16 MP: 1/1
    78 | D:1      | Reached XP level 2. HP: 21/21 MP: 2/2
   415 | D:1      | Reached XP level 3. HP: 18/26 MP: 3/3
   821 | D:2      | Identified the "Xukhlas"
   850 | D:2      | Found a faded altar of an unknown god.
  1227 | D:2      | Reached XP level 4. HP: 28/33 MP: 4/4
  1815 | D:3      | Noticed a phantom
  1839 | D:3      | Killed a phantom
  1840 | D:3      | Reached skill level 1 in Shields
  1840 | D:3      | Reached XP level 5. HP: 34/37 MP: 5/5
  1869 | D:3      | Found a snail-covered altar of Cheibriados.
  2040 | D:3      | Noticed a phantom
  2073 | D:3      | Killed a phantom
  2074 | D:3      | Reached XP level 6. HP: 39/44 MP: 6/6
  2103 | D:3      | Found a glowing drain.
  2122 | Sewer    | Entered a sewer
  2265 | Sewer    | Noticed Pargi
  2275 | Sewer    | Killed Pargi
  2276 | Sewer    | Reached skill level 5 in Fighting
  2620 | D:4      | Noticed a black bear
  2626 | D:4      | Killed a black bear
  2627 | D:4      | Reached XP level 7. HP: 43/50 MP: 7/7
  2712 | D:4      | Found a broken altar of Ashenzari.
  2731 | D:4      | Identified the +0 quarterstaff of Ytul {flame, rF++ Will+}
  2838 | D:4      | Found an iron altar of Okawaru.
  2840 | D:4      | Found a shimmering blue altar of Sif Muna.
  2879 | D:4      | Found a staircase to the Ecumenical Temple.
  2881 | D:4      | Noticed Edmund
  2891 | D:4      | Killed Edmund
  2902 | Temple   | Entered the Ecumenical Temple
  2979 | Temple   | Became a worshipper of Gozag Ym Sagoz the Greedy
  3332 | D:5      | Entered Level 5 of the Dungeon
  3356 | D:5      | Reached skill level 5 in Dodging
  3494 | D:5      | Reached XP level 8. HP: 55/57 MP: 8/8
  4027 | D:5      | Reached skill level 5 in Shields
  4241 | D:5      | Identified a scroll of acquirement
  4241 | D:5      | Acquired the ring "Vupuocea" {Fly rElec AC+4 Int+3}
  4551 | D:6      | Identified the +4 rapier "Geix" {pain, Int+2}
  4972 | D:7      | Reached XP level 9. HP: 64/64 MP: 9/9
  5349 | D:7      | Found Matonicwuf's Jewellery Shoppe.
  5366 | D:7      | Bought a +4 ring of protection for 504 gold pieces
  5883 | D:8      | Found Ikoygh's Distillery.
  6504 | D:8      | Noticed a two-headed ogre
  6514 | D:8      | Killed a two-headed ogre
  6515 | D:8      | Reached XP level 10. HP: 73/73 MP: 10/10
  6678 | D:7      | Bought a +6 ring of dexterity for 504 gold pieces
  7041 | D:9      | Found a runed translucent gate.
  7042 | D:9      | Found a runed translucent gate.
  7042 | D:9      | Found a runed translucent gate.
  7044 | D:9      | Noticed BinkBink's ghost (novice MiFi)
  7053 | D:9      | Noticed a two-headed ogre
  7069 | D:9      | Killed a two-headed ogre
  7134 | D:9      | Found a staircase to the Orcish Mines.
  7135 | D:9      | Found Tieczoj's Armour Emporium.
  7604 | D:10     | Entered Level 10 of the Dungeon
  7683 | D:10     | Reached skill level 10 in Fighting
  7753 | D:10     | Identified the +1 war axe of Precise Incision {heavy, *Rage
                  | rC++ Int+2}
  7882 | D:10     | Reached XP level 11. HP: 81/81 MP: 11/11
  8178 | D:10     | Found a sacrificial altar of Ru.
  8198 | D:10     | Noticed a two-headed ogre
  8213 | D:10     | Killed a two-headed ogre
  8554 | D:11     | Reached skill level 10 in Dodging
  8904 | D:11     | Found a staircase to the Lair.
  8904 | D:11     | Noticed a two-headed ogre
  8928 | D:11     | Killed a two-headed ogre
  8929 | D:11     | Reached skill level 10 in Shields
  9725 | D:12     | Reached XP level 12. HP: 88/90 MP: 12/12
  9821 | D:13     | Noticed Urug
  9821 | D:13     | Noticed Rupert
  9821 | D:13     | Noticed a centaur warrior
  9821 | D:13     | Noticed Erolcha
  9821 | D:13     | Found a gate to the Vaults.
  9896 | D:12     | Killed Rupert
 10106 | D:13     | Killed a centaur warrior
 10115 | D:13     | Learned a level 3 spell: Mephitic Cloud
 10296 | D:13     | Reached skill level 1 in Spellcasting
 10340 | D:13     | Noticed a boulder beetle
 10367 | D:13     | Killed a boulder beetle
 10477 | D:13     | Bought a bone scimitar for 270 gold pieces
 10477 | D:13     | Identified the +4 scimitar of Epebb {flame, rC+ SInv} (You
                  | bought it in a shop on level 13 of the Dungeon)
 10497 | D:13     | Noticed a four-headed hydra
 10504 | D:13     | Killed a one-headed hydra
 10570 | D:13     | Noticed a catoblepas
 10598 | D:13     | Killed a catoblepas
 10664 | D:13     | Paralysed by Urug for 5 turns
 10669 | D:13     | Killed Urug
 10750 | D:13     | Killed Erolcha
 10751 | D:13     | Reached XP level 13. HP: 90/96 MP: 15/17
 11133 | D:14     | Noticed Lodul
 11161 | D:14     | Killed Lodul
 11273 | D:14     | Found an iron altar of Okawaru.
 11416 | D:14     | Noticed Frances
 11534 | Lair:1   | Entered Level 1 of the Lair of Beasts
 11657 | Lair:1   | Found a transporter.
 11707 | Lair:1   | Found a transporter.
 11992 | Lair:1   | Reached skill level 5 in Spellcasting
 12000 | Lair:1   | Identified the +11 dagger of Temigoss {venom, Stlth+}
 12165 | Lair:1   | Found a one-way gate to the infinite horrors of the Abyss.
 12165 | Lair:1   | Noticed Colgate's ghost (journeyman TrSh)
 12552 | Lair:2   | Acquired the +1 hat "Nudol" {Fly rF- Regen+ Str+5}
 12577 | Lair:2   | Found the +3 Mad Mage's Maulers {Infuse+∞ VampMP -Cast}
 13080 | Lair:3   | Identified the ring "Ocittiga" {Ice Will+++ Str+3}
 13112 | Lair:3   | Reached XP level 14. HP: 107/107 MP: 22/22
 13436 | Lair:3   | Noticed Amaemon
 13443 | Lair:3   | Killed Amaemon
 13552 | Lair:3   | Found a hole to the Spider Nest.
 13832 | Lair:3   | Found a staircase to the Swamp.
 14281 | Lair:4   | Identified the +11 trident "Wiweuf" {freeze, rF+ Int+4}
 14368 | Lair:4   | Found a viscous altar of Jiyva.
 14370 | Lair:4   | Found a staircase to the Slime Pits.
 14802 | Lair:5   | Entered Level 5 of the Lair of Beasts
 15419 | Lair:5   | Reached XP level 15. HP: 107/114 MP: 26/26
 15907 | Lair:5   | Found a runed translucent door.
 15913 | Lair:5   | Reached skill level 15 in Fighting
 17228 | D:14     | Killed Frances
 17314 | D:15     | Entered Level 15 of the Dungeon
 17476 | D:15     | Found a staircase to the Depths.
 17499 | D:15     | Reached skill level 15 in Dodging
 17622 | D:15     | Bought a scroll of blinking for 112 gold pieces
 17622 | D:15     | Bought a +5 ring of evasion for 540 gold pieces
 17639 | D:15     | Bought a shiny buckler for 277 gold pieces
 18018 | D:15     | Identified the +6 falchion of Nemelex Xobeh's Hope {venom,
                  | rCorr}
 18197 | D:15     | Chiseanne: are you fucking kidding me ?
 18343 | D:15     | Found a portal to a secret trove of treasure.
 18548 | Spider:1 | Entered Level 1 of the Spider Nest
 18548 | Spider:1 | Noticed Nikola
 18563 | Lair:3   | Killed Nikola
 18564 | Lair:3   | Reached skill level 1 in Conjurations
 18564 | Lair:3   | Reached skill level 1 in Air Magic
 18564 | Lair:3   | Reached skill level 1 in Poison Magic
 18867 | Spider:1 | Noticed an emperor scorpion
 18907 | Spider:1 | Killed an emperor scorpion
 18924 | Spider:1 | Reached XP level 16. HP: 122/122 MP: 28/28
 19224 | Spider:2 | Reached skill level 5 in Poison Magic
 19375 | Spider:4 | Entered Level 4 of the Spider Nest
 19375 | Spider:4 | Noticed Kirke
 19381 | Spider:3 | Reached skill level 5 in Conjurations
 19383 | Spider:3 | Reached skill level 5 in Air Magic
 19524 | Spider:3 | Killed Kirke
 19557 | Spider:4 | Reached skill level 15 in Shields
 19957 | Spider:4 | Found a runed translucent gate.
 19957 | Spider:4 | Found a runed translucent gate.
 19957 | Spider:4 | Noticed Tinttamiau's ghost (adept DrAE)
 19958 | Spider:4 | Found a runed translucent gate.
 20646 | Spider:4 | Chiseanne: yeah right..."RNG" ..4% miscast chance you
                  | fuckers
 21124 | Spider:4 | Chiseanne: or crawlers...almost invincible FUCK OFF AND DIE
                  | IDIOTS
 21192 | Spider:4 | Got a gossamer rune of Zot
 21241 | Spider:3 | Chiseanne: or teleports..."accidentally" porting you
                  | nowhere
 21385 | Spider:2 | kskgo: press capital A
 21397 | Spider:1 | kskgo: hmmm
 21397 | Spider:1 | kskgo: no Tele mutation
 21397 | Spider:1 | kskgo: any Tele gear?
 21397 | Spider:1 | Chiseanne: nah..its complete "rng" bullshittery
 21397 | Spider:1 | kskgo: dispersal spider?
 21397 | Spider:1 | Chiseanne: had ziggurat runs with 1% fail rate on
                  | firestorm..und extreme pressure I fumbled 3!!!! times
 21397 | Spider:1 | Chiseanne: in a row
 21397 | Spider:1 | Chiseanne: lawl...sure
 21397 | Spider:1 | kskgo: ill enjoy your run
 21397 | Spider:1 | Chiseanne: I am at work right now..just playing in
                  | between..will be on and off..just saying
 21397 | Spider:1 | kskgo: k
 21502 | Spider:1 | Identified the +1 leather armour of Watchfulness {Dex+3}
 21684 | Swamp:1  | Entered Level 1 of the Swamp
 21692 | Lair:3   | Reached skill level 10 in Spellcasting
 21692 | Lair:3   | Reached XP level 17. HP: 95/129 MP: 29/31
 21724 | Lair:3   | Learned a level 3 spell: Dazzling Flash
 22749 | Swamp:4  | Entered Level 4 of the Swamp
 23084 | Swamp:2  | HP: 2/131 [will-o-the-wisp/foxfire (31)]
 23084 | Swamp:2  | Killed from afar by a will-o-the-wisp

Illustrated notes

Levels and vault maps discovered:
D:1:      saegor_arrival_miasma, layout_loops_ring
D:2:      layout_basic, shapermc_ecumenical_altar_rom_forum, minmay_tromino_v2
D:3:      kennysheep_six_static_rooms, layout_rooms, lemuel_crystal_altar,
          cheibrodos_sewer_entry_bend
D:4:      layout_basic, cheibrodos_ashenzari_chains,
          chequers_temple_overflow_statue_of_worship, minmay_temple_entry_glass,
          uniq_edmund
D:5:      layout_basic, nrook_mini_backslash
D:6:      layout_rooms, hex_tiny, kennysheep_generic_room_4
D:7:      layout_cave_pods, kennysheep_decorative_pillar,
          nicolae_wooded_promenade
D:8:      layout_basic, serial_shops, nicolae_shop_stone
D:9:      layout_basic, orc_david_3, gammafunk_ghost_spectres,
          chequers_serial_rivers_micro_e
D:10:     layout_irregular_city, lemuel_tele_altar
D:11:     layout_basic, due_lair_maze_entry_diamond
D:12:     layout_roguey
D:13:     layout_long_grid, david_vaults_3, uniq_erolcha
D:14:     layout_basic, okawaru_metal_pillars_1_2, nrook_uturn, uniq_frances,
          uniq_lodul
D:15:     grunt_enter_depths_magical_seal, layout_basic,
          nicolae_trove_entry_diagonal
Temple:   minmay_temple_bridge_d
Lair:1:   layout_roguey, gammafunk_ghost_abyssal_escape
Lair:2:   layout_regular_city
Lair:3:   layout_misc_corridors, minmay_swamp_entry_worms, dummy_spider_entry,
          special_room [special_room_bee], grunt_megastairs_5,
          lemuel_fruit_tree, uniq_amaemon
Lair:4:   layout_regular_city, minmay_slime_entry_oklob_enclosed,
          grunt_megastairs_4, serial_bayou_shore_a, infiniplex_staircase_pool_2
Lair:5:   hangedman_lair_caniforms_friends, layout_regular_city, wormcave,
          kennysheep_basilisk_garden
Swamp:1:  layout_falls_marsh, hangedman_swamp_ruin_wall, swamp_pool_5,
          nicolae_swamp_tree_isthmus
Swamp:2:  layout_falls_marsh, evilmike_swamp_ruin_rubble_1
Swamp:3:  layout_basic_swamp, evilmike_swamp_ruin_house_2,
          nicolae_swamp_tree_designs, nicolae_island_escapes
Swamp:4:  swamp_old_school, layout_basic_swamp, swamp_pool_1_2,
          infiniplex_staircase_pool
Spider:1: layout_cave_pods, uniq_nikola
Spider:2: layout_spider_delve
Spider:3: layout_spider_delve
Spider:4: grunt_spider_rune_island, gammafunk_ghost_split, uniq_kirke,
          uniq_roxanne

Skill      XL: |  1  2  3  4  5  6  7  8  9 10 11 12 13 14 15 16 17 |
---------------+----------------------------------------------------+-----
Dodging        | 2 3 4 5 6 8 9 11 12 13 14 15 16 | 16.4
Fighting       | 4 5 6 7 8 10 11 12 13 14 15 16 | 16.7
Shields        | 1 2 3 4 5 7 9 10 12 13 14 15 16 | 16.2
Spellcasting   | 2 5 7 8 10 | 10.0
Conjurations   | 3 5 |  5.0
Air Magic      | 3 5 |  5.0
Poison Magic   | 3 5 |  5.0
Polearms       | |  2.0
Throwing       | |  4.0

Action                     |  1- 3 |  4- 6 |  7- 9 | 10-12 | 13-15 | 16-18 || total
---------------------------+-------+-------+-------+-------+-------+-------++-------
  Melee: Dagger            |    65 |   102 |   254 |   470 |   465 |   602 ||  1958
         Tentacles         |    12 |    25 |    83 |   197 |   413 |   336 ||  1066
         Constrict         |    12 |    18 |    63 |    90 |   172 |   137 ||   492
         Punch             |     2 |     1 |     2 |     5 |    23 |    14 ||    47
         Flail             |       |       |     5 |    50 |       |       ||    55
         Hand axe          |       |       |       |    22 |       |       ||    22
         Scimitar          |       |       |       |     9 |   389 |    85 ||   483
         Trident           |       |       |       |       |   245 |    82 ||   327
         Falchion          |       |       |       |       |       |    32 ||    32
         Unarmed           |       |       |       |       |       |    29 ||    29
  Throw: Dart              |     3 |       |    27 |    14 |     4 |       ||    48
         Boomerang         |       |       |     3 |     4 |     5 |       ||    12
         Javelin           |       |       |       |       |     2 |     7 ||     9
   Cast: Mephitic Cloud    |       |       |       |       |       |    37 ||    37
         Dazzling Flash    |       |       |       |       |       |     1 ||     1
 Invoke: Call Merchant     |       |       |       |     1 |     4 |       ||     5
  Evoke: Lightning rod     |       |       |       |       |     8 |       ||     8
         Wand              |       |       |       |       |    10 |     3 ||    13
    Use: Scroll            |     5 |     5 |    10 |    10 |    11 |     6 ||    47
         Potion            |       |       |     3 |     2 |     3 |     1 ||     9
   Stab: Sleeping          |     9 |     4 |    12 |    11 |    19 |    11 ||    66
         Distracted        |       |       |     2 |     6 |    20 |    12 ||    40
         Petrified         |       |       |       |       |     2 |       ||     2
         Confused          |       |       |       |       |       |    36 ||    36
 Armour: Skin              |    28 |    35 |   114 |   104 |   280 |   255 ||   816
  Dodge: Dodged            |    21 |    58 |   142 |   453 |  1404 |  1485 ||  3563
  Block: Buckler           |       |    20 |    64 |   295 |   186 |   754 ||  1319
         Kite shield       |       |       |       |       |  1169 |       ||  1169

Table legend: (Time is in decaauts)
 A = Elapsed time spent in this place.
 B = Non-inter-level travel time spent in this place.
 C = Inter-level travel time spent in this place.
 D = Time resting spent in this place.
 E = Time spent auto-exploring this place.
 F = Levels seen in this place.
 G = Mean time per level.
                   A        B        C        D        E       F      G
               +--------+--------+--------+--------+--------+-----+--------+
         Total |  23574 |  22324 |   1250 |   1947 |  10925 |  30 |  785.8 |
       Dungeon |  13212 |  12483 |    729 |    483 |   7918 |  15 |  880.8 |
        Temple |    148 |      8 |    140 |      0 |      6 |   1 |  148.0 |
          Lair |   5563 |   5225 |    338 |    168 |   2835 |   5 | 1112.6 |
         Swamp |   1385 |   1385 |      0 |    320 |      0 |   4 |  346.2 |
   Spider Nest |   3088 |   3047 |     41 |    975 |     52 |   4 |  772.0 |
         Sewer |    175 |    175 |      0 |      0 |    114 |   1 |  175.0 |
               +--------+--------+--------+--------+--------+-----+--------+

Top non-repeatable levels by time:
  Lair:5: 1883 daAuts
Spider:3: 1230 daAuts
    D:15: 1145 daAuts
  Lair:3: 1111 daAuts
    D:14: 1108 daAuts
    D:13: 1082 daAuts
     D:2: 993 daAuts
    D:10: 942 daAuts
  Lair:4: 938 daAuts
Spider:4: 908 daAuts
     D:9: 892 daAuts
     D:7: 890 daAuts
     D:5: 879 daAuts
     D:8: 862 daAuts
  Lair:1: 836 daAuts
